 Dungeon Crawl Stone Soup version 0.32-a0-42-ga30500b4d3 (webtiles) character file.

Game seed: 4041802439756683404

907 Azdean the Trooper (level 7, 0/6 HPs)
             Began as a Minotaur Fighter on Feb 1, 2024.
             Was an Initiate of Qazlal.
             Slain by a gnoll
             ... wielding a +0 club
              (6 damage)
             ... on level 5 of the Dungeon on Feb 2, 2024.
             The game lasted 00:34:06 (5952 turns).

Azdean the Trooper (Minotaur Fighter)               Turns: 5952, Time: 00:34:06

Health: 0/6        AC:  7    Str: 23    XL:     7   Next: 81%
Magic:  6/6        EV: 12    Int:  5    God:    Qazlal [......]
Gold:   217        SH:  4    Dex:  9    Spells: 3/6 levels left

rFire   + . .        G - +1 dagger (protect)
rCold   x . .        c - +0 buckler
rNeg    . . .        J - melded +2 scale mail {rC+}
rPois   .            (helmet restricted)
rElec   .            (no cloak)
rCorr   .            (no gloves)
SInv    .            (no boots)
Will    .....        (no amulet)
Stlth   +            m - ring of fire
HPRegen 0.21/turn    (no ring)
MPRegen 0.10/turn

%: no passive effects
@: maw-form, under a protective aura
A: devouring maw, reduced hp, horns 2, retaliatory headbutt
a: Begin Untransformation, Renounce Religion


You were on level 5 of the Dungeon.
You worshipped Qazlal.
Qazlal was noncommittal.
You were a creature with a mouth for a stomach.
You visited 1 branch of the dungeon, and saw 5 of its levels.
You also visited: Sewer.

You collected 217 gold pieces.

Inventory:

Hand Weapons
 a - a +0 long sword
 e - a +0 dagger
 i - a +0 club
 j - a +0 dagger
 k - a +0 dagger
 s - a +0 short sword
 u - a +0 whip of electrocution
 G - a +1 dagger of protection (weapon)
 I - a +1 dagger of chaos
Armour
 b - a +0 scale mail
 c - a +0 buckler (worn)
 h - a +0 scale mail
 J - a +2 scale mail of cold resistance (melded)
Jewellery
 m - a ring of fire (left hand)
 F - an amulet of magic regeneration
Talismans
 K - a maw talisman (active)
Scrolls
 d - a scroll of revelation {unknown}
 f - 2 scrolls of fear {unknown}
 l - 2 scrolls of fog {unknown}
 n - 9 scrolls of identify {unknown}
 o - a scroll of noise {unknown}
 p - a scroll of poison {unknown}
 t - 2 scrolls of torment {unknown}
 v - 3 scrolls of teleportation {unknown}
 y - 2 scrolls of amnesia {unknown}
 z - 4 scrolls of vulnerability {unknown}
 B - a scroll of blinking {unknown}
 D - 2 scrolls of enchant weapon {unknown}
Potions
 g - a potion of enlightenment {unknown}
 q - 2 potions of attraction {unknown}
 w - a potion of curing
 x - a potion of invisibility {unknown}
 A - a potion of degeneration {unknown}
 C - a potion of heal wounds
 E - a potion of magic {unknown}
 H - a potion of lignification {unknown}


   Skills:
 * Level 7.2 Fighting
 + Level 3.5(4.6) Short Blades
 + Level 4.9(5.6) Long Blades
 + Level 5.6 Armour
 + Level 3.5 Dodging
 - Level 3.8 Shields


You had 3 spell levels left.
You knew the following spells:

 Your Spells              Type           Power      Damage    Failure   Level
a - Volatile Blastmotes   Fire/Tloc      0%         2d10      88%         3

Your spell library contained the following spells:

 Spells                   Type           Power      Damage    Failure   Level
 Kiss of Death            Conj/Necr      0%         2d5       54%         1
 Confusing Touch          Hex            0%         N/A       88%         3
 Dispel Undead            Necr           0%         3d6       99%         4
 Fulminant Prism          Conj/Alch      0%         3d5       99%         4
 Iskenderun's Mystic Bla  Conj/Tloc      0%         2d3       99%         4


Dungeon Overview and Level Annotations

Branches:
Dungeon (5/15)              Sewer (visited)
 Temple: D:4-7

Altars:
Ashenzari
Qazlal
Trog
Wu Jian
Xom


Innate Abilities, Weirdness & Mutations

You are a creature with a mouth for a stomach.
Your midsection houses a second, enormous mouth.
Your maximum health is decreased, since you lack skill for your form.
You have a pair of horns on your head.
You reflexively headbutt those who attack you in melee.


Message History

The black bear bites you.
Ouch! That really hurt!
The black bear barely misses you.
The black bear claws you but does no damage.
You feel better. The black bear barely misses you. You furiously retaliate!
You headbutt the black bear. The black bear barely misses you. x2
You feel very mighty all of a sudden.
The black bear bites you but does no damage.
The black bear claws you but does no damage. x2
You puncture the black bear! You bite the black bear.
The black bear is almost dead.
The black bear goes berserk!
You puncture the black bear!
You devour the black bear!
You feel better.
You kill the black bear!
Qazlal accepts your kill.
Found a book of Touch.
Found a bloodstained altar of Trog.
You pick up a book of Touch and begin reading...
You add the spells Kiss of Death, Confusing Touch and Dispel Undead to your library.
Press: ? - help, v - describe, . - travel A bloodstained altar of Trog.
There is a bloodstained altar of Trog here.
You kneel at the altar of Trog.
Found a dagger.
You feel a little less mighty now. 2 gnolls come into view.
Found a stone staircase leading up.
The gnoll shouts! x2
A gnoll comes into view. It is wielding a +0 spear.
A gnoll comes into view. It is wielding a +0 whip.
Found a puce potion.
The gnoll shouts!
You hear a shout!
You hit the gnoll but do no damage.
Your weapon exudes an aura of protection.
You block the gnoll's attack. The gnoll barely misses you.
You hit the gnoll. Your bite misses the gnoll.
The gnoll is moderately wounded.
The gnoll hits you with a +0 club.
Ouch! That really hurt!
You die...

######### #!......# #...<...#
#.......# ........# ....gg.)#
#....g.g# .......W#
################.#
.................#
...#...#...#...#.# ##.......#
.................# #........#
...#...#...#...#### #........#
..................# #........#
################.)####........#
#...# #####...##.........#


You could see 4 gnolls.

Vanquished Creatures
  A black bear (D:5)
  A phantom (D:5)
  4 crimson imps (D:3)
  A jelly (D:5)
  5 hounds
  3 iguanas
  A hell rat (Sewer)
  2 orc wizards
  3 gnolls (D:3)
  10 adders
  3 river rats
  A white imp (D:4)
  4 ribbon worms
  2 dart slugs
  13 orcs
  7 ball pythons
  10 endoplasms
  5 giant cockroaches
  7 hobgoblins
  4 jackals (D:1)
  5 kobolds
  4 quokkas
  9 bats
  4 frilled lizards
  7 goblins
  9 rats
125 creatures vanquished.

Notes
Turn   | Place    | Note
-------+----------+-------------------------------------------
     0 | D:1      | Azdean the Minotaur Fighter began the quest for the Orb.
     0 | D:1      | Reached XP level 1. HP: 19/19 MP: 0/0
    54 | D:1      | Reached XP level 2. HP: 22/27 MP: 1/1
   180 | D:1      | Reached skill level 4 in Fighting
   615 | D:1      | Reached XP level 3. HP: 33/33 MP: 2/2
  1115 | D:2      | Reached skill level 1 in Dodging
  1711 | D:2      | Reached skill level 1 in Short Blades
  1964 | D:2      | Reached XP level 4. HP: 36/41 MP: 3/3
  2750 | D:3      | Learned a level 3 spell: Volatile Blastmotes
  2784 | D:3      | Reached XP level 5. HP: 39/47 MP: 4/4
  2792 | D:3      | Reached skill level 5 in Fighting
  3339 | D:3      | Found a glowing drain.
  3345 | Sewer    | Entered a sewer
  3798 | D:3      | Found a shimmering altar of Xom.
  3806 | D:3      | Reached XP level 6. HP: 56/56 MP: 5/5
  3960 | D:3      | Reached skill level 5 in Armour
  4137 | D:4      | Reached skill level 6 in Fighting
  4219 | D:4      | Found an ornate altar of the Wu Jian Council.
  4561 | D:4      | Reached XP level 7. HP: 51/63 MP: 6/6
  5277 | D:5      | Entered Level 5 of the Dungeon
  5677 | D:5      | Found a stormy altar of Qazlal.
  5792 | D:5      | Became a worshipper of Qazlal Stormbringer
  5811 | D:5      | Found a broken altar of Ashenzari.
  5867 | D:5      | Reached skill level 7 in Fighting
  5913 | D:5      | Found a bloodstained altar of Trog.
  5952 | D:5      | Slain by a gnoll

Illustrated notes

Levels and vault maps discovered:
D:1:      minmay_arrival_jagged, layout_basic, grunt_decor_resistance,
          chequers_decorated_corner, st_stairs_7
D:2:      minmay_thinvault, layout_loops_cross
D:3:      layout_loops_ring, led_xom_imps, gup_sewer_entry_bowl,
          chequers_serial_rivers_room_a
D:4:      layout_basic, mainiacjoe_overflow_24_doors, serial_corexii_hall,
          chequers_hall_statues_wall_a, corexii_hall_statues_deadend,
          roderic_lattice_a
D:5:      layout_rooms, lemuel_coloured_pillars_altar,
          fedhas_altar_decomposition, nicolae_ashenzari_skybound,
          mainiacjoe_overflow_small_starburst

Skill      XL: |  1  2  3  4  5  6  7 |
---------------+----------------------+-----
Fighting       | 4 5 6 7 |  7.2
Armour         | 4 5 |  5.6
Dodging        | 1 2 3 |  3.5
Short Blades   | 1 2 3 |  3.5
Long Blades    | 3 4 |  4.9
Shields        | |  3.8

Action                     |  1- 3 |  4- 6 |  7- 9 || total
---------------------------+-------+-------+-------++-------
  Melee: Long sword        |    64 |       |       ||    64
         Headbutt          |    22 |    51 |    18 ||    91
         Short sword       |    82 |   260 |       ||   342
         Dagger            |       |    61 |   101 ||   162
         Maw               |       |       |     2 ||     2
    Use: Potion            |       |     2 |     5 ||     7
 Armour: Scale mail        |   118 |   173 |   103 ||   394
         Skin              |       |       |     6 ||     6
  Dodge: Dodged            |    67 |   126 |    52 ||   245
  Block: Buckler           |    42 |    56 |    23 ||   121
   Form: Maw               |       |       |     1 ||     1

Table legend: (Time is in decaauts)
 A = Elapsed time spent in this place.
 B = Non-inter-level travel time spent in this place.
 C = Inter-level travel time spent in this place.
 D = Time resting spent in this place.
 E = Time spent auto-exploring this place.
 F = Levels seen in this place.
 G = Mean time per level.
                   A        B        C        D        E       F      G
               +--------+--------+--------+--------+--------+-----+--------+
         Total |   5923 |   5689 |    234 |   1801 |   2040 |   6 |  987.2 |
       Dungeon |   5574 |   5340 |    234 |   1604 |   2040 |   5 | 1114.8 |
         Sewer |    349 |    349 |      0 |    197 |      0 |   1 |  349.0 |
               +--------+--------+--------+--------+--------+-----+--------+

Top non-repeatable levels by time:
     D:2: 1725 daAuts
     D:4: 1204 daAuts
     D:3: 1165 daAuts
     D:1: 935 daAuts
     D:5: 544 daAuts
   Sewer: 349 daAuts
